 Dungeon Crawl Stone Soup version 0.18.1-1-g2f07953 (webtiles) character file.

5380 Implojin the Martial Artist (level 10, -7/81 HPs)
             Began as a Mummy Monk on May 7, 2016.
             Mangled by a merfolk
             ... wielding a +0 spear
              (9 damage)
             ... on level 9 of the Dungeon.
             The game lasted 01:55:45 (22356 turns).

Implojin the Martial Artist (Mummy Monk)           Turns: 22356, Time: 01:55:46

Health: -7/81      AC:  6    Str: 15    XL:     10   Next: 39%
Magic:  10/10      EV: 14    Int:  9    God:
Gold:   425        SH:  9    Dex: 18    Spells: 0 memorised, 9 levels left

rFire  . . .     SeeInvis .       - Unarmed
rCold  + . .     Gourm    .     (no armour)
rNeg   + + +     Faith    .     d - +0 shield
rPois  ∞         Spirit   .     j - +0 helmet
rElec  .         Dismiss  .     e - +2 cloak
rCorr  .         Reflect  .     (no gloves)
SustAt .         Harm     .     i - +1 pair of boots
MR     +....                    (no amulet)
Stlth  ++........               f - ring of protection from fire
                                (no ring)

@: somewhat resistant to hostile enchantments, unstealthy
A: no food or potions, fire vulnerability, cold resistance 1, negative energy
resistance 3, torment resistance, unbreathing
a: no special abilities


You were on level 9 of the Dungeon.
You were not hungry.

You visited 1 branch of the dungeon, and saw 9 of its levels.

You collected 425 gold pieces.

Inventory:

Armour
 d - a +0 shield (worn)
 e - a +2 cloak (worn)
 i - a +1 pair of boots (worn)
 j - a +0 helmet (worn)
 l - a +0 pair of gloves of archery {FUCKING ARCHERY DOES DAMAGE WITH BREAD}
 n - a +0 buckler {NO BUCKLERS}
Jewellery
 a - an uncursed ring of magical power
 b - a cursed amulet of harm {unknown}
 f - a ring of protection from fire (right hand)
 m - a +3 amulet of reflection {unknown}
 t - an uncursed ring of loudness
Wands
 r - a wand of teleportation (2/9) {INTO THE LAVA IT GOES}
Scrolls
 c - a scroll of enchant weapon
 k - 2 scrolls of recharging
 p - a scroll of torment {unknown}
 q - a scroll of immolation {unknown}
 s - a scroll of random uselessness {unknown}
Books
 o - a book of the Earth

   Spells                             Type                      Level
   a - Leda's Liquefaction            Hexes/Earth                  4
   b - Bolt of Magma                  Conjuration/Fire/Earth       5
   c - Statue Form                    Transmutation/Earth          6
   d - Iron Shot                      Conjuration/Earth            6
   e - Shatter                        Earth                        9
Comestibles
 h - 4 bread rations (quivered)


   Skills:
 - Level 8.3 Fighting
 - Level 6.2 Dodging
 - Level 1.5 Stealth
 - Level 4.0 Shields
 * Level 9.5 Unarmed Combat


You had 9 spell levels left.
You didn't know any spells.

Dungeon Overview and Level Annotations

Branches:
Dungeon (9/15)             Temple (0/1) D:5
   Lair: D:8-11         Orc: D:9-12

Altars:
Cheibriados
Dithmenos
Elyvilon
Fedhas
Kikubaaqudgha
Pakellas
Ru
Yredelemnul
Zin

Annotations:
D:1 !ogre wandering by stairs
D:2 exclusions: 3 downstairs and upstairs
D:3 !wandering player ghost, priest, mage, imp, adder, ++, shinino's ghost, amateur DsIE
D:4 exclusions: 2 downstairs and 4 more exclusions
D:5 !sigmund (invis) staircamping watch out, Sigmund
D:7 exclusion: downstairs
D:8 come back for maurice i guess, exclusion: 2 downstairs, Maurice


Innate Abilities, Weirdness & Mutations

You do not eat or drink.
Your flesh is vulnerable to fire.
You are immune to poison.
Your flesh is cold resistant.
You are immune to negative energy.
You are immune to unholy pain and torment.
You can survive without breathing.


Message History

You start resting.
Read which item? (? for menu, Esc to quit)
Okay, then.
You start resting.
Read which item? (? for menu, Esc to quit)
Okay, then.
Enter note: welp Read which item? (? for menu, Esc to quit)
Okay, then.
Enter note: should have handled that better Read which item? (? for menu, Esc to quit)
Okay, then.
You can't drink.
Wield which item (- for none, * to show all)? (? for menu, Esc to quit)
Okay, then.
Unknown command.
Unknown command.
Maurice is nearby!
Maurice shouts!
Maurice zaps a wand.
The bolt of acid hits you!
* * * LOW HITPOINT WARNING * * *
The acid burns!
* * * LOW HITPOINT WARNING * * *
Read which item? (? for menu, Esc to quit)
Okay, then.
Read which item? (? for menu, Esc to quit)
Okay, then.
Unknown command.
Maurice gestures wildly while chanting.
Maurice blinks!
Maurice zaps a wand.
The bolt of acid hits you!
* * * LOW HITPOINT WARNING * * *
The acid burns!
* * * LOW HITPOINT WARNING * * *
There is a stone staircase leading down here.
Enter note: gg This staircase is marked as excluded!
Enter next level anyway?
You climb downwards.
The merfolk misses you. The merfolk hits you with a spear!
You die...

##.###.#.........#
#......#m#.####.##
#..##.#..#.# #.#
#..#.###.#.# #.#
#..##.#.##.####.#
#....#.#........#
#.###.#.###.##### #.#
##m## #.# #.# #@# #.#
#.# #.# #.# #.# #.# #.#
#.# ##<# #.# #.###..#
#.# ########
#)##...####.####....†..
#.).....)........######
####>..####...####
##.## ###.#


You could see a merfolk.

Vanquished Creatures
  Pikel (D:7)
  A yak (D:8)
  A hippogriff (D:9)
  Grum (D:7)
  Edmund (D:4)
  A water moccasin (D:8)
  6 orc warriors
  3 ice beasts
  4 sky beasts
  A slave (D:7)
  A necrophage (D:7)
  A phantom (D:9)
  4 wolves
  3 centaurs
  4 ogres
  A big kobold (D:5)
  A giant frog (D:9)
  A wyvern zombie (D:5)
  4 scorpions
  3 wights (D:6)
  2 crimson imps
  4 jellies
  A wasp zombie (D:8)
  2 orc priests
  A giant frog zombie (D:5)
  5 hounds
  2 centaur skeletons
  A quasit (D:7)
  9 orc wizards
  A gnoll shaman (D:4)
  Terence (D:2)
  2 iguanas
  4 worker ants
  A hound skeleton (D:4)
  A hound zombie (D:9)
  12 gnolls
  7 adders
  A howler monkey skeleton (D:8)
  3 river rats (D:6)
  4 shadow imps
  An ooze (D:5)
  2 adder zombies
  2 adder skeletons
  3 worms
  2 dart slugs
  5 giant geckos
  39 orcs
  15 giant cockroaches
  12 goblins
  9 hobgoblins
  8 jackals
  25 kobolds
  6 quokkas
  5 ball pythons
  8 bats
  5 giant newts
  10 rats
  2 plants (D:5)
266 creatures vanquished.

Vanquished Creatures (others)
  2 slaves (D:7)
  A crimson imp (D:7)
  A lightning spire (D:3)
  2 orcs (D:7)
  2 bushes (D:3)
  3 plants (D:5)
11 creatures vanquished.

Grand Total: 277 creatures vanquished

Notes
Turn   | Place    | Note
--------------------------------------------------------------
     0 | D:1      | Implojin the Mummy Monk began the quest for the Orb.
     0 | D:1      | Reached XP level 1. HP: 18/18 MP: 1/1
   682 | D:1      | Reached XP level 2. HP: 24/24 MP: 2/2
  1346 | D:2      | Reached skill level 4 in Unarmed Combat
  1788 | D:2      | Reached XP level 3. HP: 25/29 MP: 3/3
  3011 | D:2      | Reached XP level 4. HP: 30/35 MP: 4/4
  3426 | D:3      | Found a snail-covered altar of Cheibriados.
  3641 | D:3      | Noticed shinino's ghost (amateur DsIE)
  3737 | D:3      | Found an oddly glowing altar of Pakellas.
  3738 | D:3      | Noticed a cyan very ugly thing
  3741 | D:3      | Noticed Terence
  3804 | D:2      | Killed Terence
  3804 | D:2      | Reached skill level 5 in Unarmed Combat
  3923 | D:3      | rip
  4351 | D:3      | Found a sacrificial altar of Ru.
  4751 | D:3      | Found a glowing silver altar of Zin.
  4751 | D:3      | Found a blossoming altar of Fedhas.
  4756 | D:3      | Found a shadowy altar of Dithmenos.
  5000 | D:3      | Reached XP level 5. HP: 39/41 MP: 5/5
  5036 | D:3      | Found an ancient bone altar of Kikubaaqudgha.
  5036 | D:3      | Found a white marble altar of Elyvilon.
  5322 | D:4      | You fall through a shaft for 2 floors!
  5322 | D:6      | Noticed Sigmund
  5323 | D:6      | welp
  5350 | D:6      | Noticed a sky beast
  5353 | D:5      | Entered Level 5 of the Dungeon
  5845 | D:4      | Noticed an ogre
  6140 | D:4      | Noticed Edmund
  6180 | D:4      | Noticed an ogre
  8374 | D:4      | Reached skill level 6 in Unarmed Combat
  8469 | D:5      | Reached XP level 6. HP: 44/47 MP: 6/6
  8490 | D:5      | Noticed a sky beast
  9039 | D:5      | Reached skill level 4 in Fighting
  9083 | D:5      | Found a staircase to the Ecumenical Temple.
  9271 | D:4      | today, on good idea bad idea
  9288 | D:4      | Reached skill level 5 in Fighting
  9288 | D:4      | Reached XP level 7. HP: 19/56 MP: 7/7
  9910 | D:5      | Reached skill level 6 in Fighting
 10121 | D:5      | Reached skill level 1 in Shields
 10368 | D:5      | Reached skill level 2 in Shields
 10406 | D:5      | welp
 11786 | D:5      | Reached skill level 3 in Shields
 11835 | D:5      | Reached XP level 8. HP: 32/64 MP: 8/8
 12008 | D:5      | Reached skill level 4 in Shields
 12163 | D:6      | really
 12533 | D:4      | Reached skill level 3 in Dodging
 13069 | D:4      | Reached skill level 4 in Dodging
 13415 | D:6      | Found a basalt altar of Yredelemnul.
 13526 | D:6      | Reached skill level 5 in Dodging
 14920 | D:7      | what
 14921 | D:7      | FUCK ME ARCHERY
 14921 | D:7      | NOBODY SAW THAT
 14941 | D:7      | I CAN FIX THIS
 14941 | D:7      | I WILL KITE
 14941 | D:7      | UNTIL ITS AT FULL HP
 14982 | D:7      | OKAY
 14982 | D:7      | FULL HP
 14982 | D:7      | WE'RE GOOD
 15050 | D:7      | Noticed Pikel
 15530 | D:7      | Reached skill level 7 in Unarmed Combat
 15530 | D:7      | Reached XP level 9. HP: 69/69 MP: 9/9
 15579 | D:7      | oh shit i forgot
 15579 | D:7      | okay more kiting
 15706 | D:7      | i need to get rid of these gloves
 16017 | D:4      | Killed Edmund
 17103 | D:7      | Reached skill level 8 in Unarmed Combat
 17111 | D:7      | okay its worth losing the 1ac to not fuck this up
 17211 | D:7      | Killed Pikel
 17211 | D:7      | Reached skill level 7 in Fighting
 17634 | D:8      | Noticed Maurice
 17673 | D:8      | Reached skill level 6 in Dodging
 18500 | D:8      | Noticed Grum
 18715 | D:7      | Reached skill level 8 in Fighting
 19323 | D:6      | Reached XP level 10. HP: 34/81 MP: 10/10
 19969 | D:7      | Killed Grum
 21228 | D:9      | Reached skill level 9 in Unarmed Combat
 22344 | D:8      | welp
 22344 | D:8      | should have handled that better
 22354 | D:8      | HP: 1/81 [acid (13)]
 22355 | D:8      | gg
 22356 | D:9      | Mangled by a merfolk

Skill      XL: |  1  2  3  4  5  6  7  8  9 10 |
---------------+-------------------------------+-----
Unarmed Combat | 4 5 6 7 8 9 |  9.5
Fighting       | 5 6 8 |  8.3
Shields        | 3 4 |  4.0
Dodging        | 5 6 |  6.2
Stealth        | |  1.5

Action                   |  1- 3 |  4- 6 |  7- 9 | 10-12 || total
-------------------------+-------+-------+-------+-------++-------
Melee: Unarmed           |   174 |   392 |   897 |   261 ||  1724
       Punch             |     1 |       |       |       ||     1
  Use: Scroll            |       |     9 |     5 |     1 ||    15
 Stab: Sleeping          |     3 |     4 |     5 |       ||    12
       Distracted        |       |       |     1 |     1 ||     2
Armor: Skin              |    12 |    46 |   159 |    33 ||   250
Dodge: Dodged            |    80 |   102 |   300 |   104 ||   586
Block: Shield            |    31 |    90 |   306 |   115 ||   542

Table legend:
 A = Turns spent in this place as a percentage of turns spent in the entire game.
 B = Non-inter-level travel turns spent in this place as a percentage of non-inter-level travel turns spent in the entire game.
 C = Inter-level travel turns spent in this place as a percentage of turns spent in this place.
 D = Turns resting spent in this place as a percentage of non-inter-level travel turns spent in this place.
 E = Turns spent auto-exploring this place as a percentage of non-inter-level travel turns spent in this place.
 F = Non-inter-level travel turns spent in this place divided by the number of levels of this place that you've seen.
                   A       B       C       D       E      F
               +-------+-------+-------+-------+-------+----------------------
         Total | 100.0 | 100.0 |   0.3 |   2.1 |   0.9 | 1329.8
       Dungeon | 100.0 | 100.0 |   0.3 |   2.1 |   0.9 | 1329.8
               +-------+-------+-------+-------+-------+----------------------

Table legend:
 A = Kills in this place as a percentage of kills in entire the game.
 B = Kills by you in this place as a percentage of kills by you in the entire game.
 C = Kills by friends in this place as a percentage of kills by friends in the entire game.
 D = Other kills in this place as a percentage of other kills in the entire game.
 E = Experience gained in this place as a percentage of experience gained in the entire game.
 F = Experience gained in this place divided by the number of levels of this place that you have seen.
                   A       B       C       D       E      F
               +-------+-------+-------+-------+-------+----------------------
         Total | 100.0 | 100.0 |  -nan |  -nan | 100.0 | 854.1
       Dungeon | 100.0 | 100.0 |  -nan |  -nan | 100.0 | 854.1
               +-------+-------+-------+-------+-------+----------------------
